 Dungeon Crawl Stone Soup version 0.17-a0-870-gcb215c1 (webtiles) character file.

431 namelastname112 the Bolt Thrower (level 6, -4/52 HPs)
             Began as a Draconian Hunter on Apr 29, 2015.
             Slain by Edmund
             ... wielding a +0 flail of protection
              (8 damage)
             ... on level 4 of the Dungeon.
             The game lasted 00:07:30 (4131 turns).

namelastname112 the Bolt Thrower (Draconian Hunter) Turns: 4131, Time: 00:07:30

Health: -4/52      AC:  6    Str: 19    XL:     6   Next: 66%
Magic:  6/6        EV:  7    Int: 16    God:
Gold:   212        SH:  0    Dex: 14    Spells: 0 memorised, 5 levels left

rFire  . . .     SeeInvis .     s - +0 short sword (distort)
rCold  . . .     Clarity  .     (armour unavailable)
rNeg   . . .     SustAb   .     (no shield)
rPois  .         Gourm    .     (helmet restricted)
rElec  .         Spirit   .     (no cloak)
rCorr  .         Warding  .     (no gloves)
rMut   .         Stasis   .     (no boots)
MR     .....                    (no amulet)
Stlth  ++........               (no ring)
                                (no ring)

@: mighty, brilliant, held, not resistant to hostile enchantments, unstealthy
A: unfitting armour, cold-blooded, AC +6
a: no special abilities


You were on level 4 of the Dungeon.
You were hungry.

You visited 1 branch of the dungeon, and saw 4 of its levels.

You collected 212 gold pieces.

Inventory:

Hand weapons
 a - a +0 short sword
 b - a +1 hand crossbow
 s - a +0 short sword of distortion (weapon)
Missiles
 c - 32 bolts
 n - 11 poisoned bolts
Scrolls
 e - 3 scrolls of teleportation {unknown}
 g - 3 scrolls of identify {unknown}
 k - 2 scrolls of remove curse {unknown}
 l - a scroll of noise {unknown}
 m - a scroll of amnesia {unknown}
 p - a scroll of immolation {unknown}
 q - a scroll of blinking {unknown}
 r - a scroll of fear {unknown}
Comestibles
 d - 6 bread rations
 h - 3 beef jerkies
 i - a slice of pizza
 j - a meat ration


   Skills:
 + Level 4.1 Fighting
 * Level 5.8 Crossbows
 + Level 3.7 Dodging
 - Level 0.8 Stealth


You had 5 spell levels left.
You didn't know any spells.

Dungeon Overview and Level Annotations

Branches:
Dungeon (4/15)             Temple (0/1) D:4

Altars:
Vehumet

Annotations:
D:4 Edmund
Abyss:1 Eustachio


Innate Abilities, Weirdness & Mutations

Your plain brown scales are hard (AC +6).
Your body does not fit into most forms of armour.
You are cold-blooded and may be slowed by cold attacks.


Message History

* * * LOW HITPOINT WARNING * * *
The jackal bites you.
* * * LOW HITPOINT WARNING * * *
The gnoll hits you but does no damage. Edmund closely misses you.
Drink which item? (? for menu, Esc to quit)
It was a potion of brilliance.
You feel clever all of a sudden.
The jackal bites you but does no damage.
The gnoll hits you but does no damage.
The jackal bites you but does no damage.
Edmund closely misses you.
You try to slip out of the net.
The jackal barely misses you.
The gnoll hits you from afar with a spear.
* * * LOW HITPOINT WARNING * * *
Drink which item? (? for menu, Esc to quit)
It was a potion of might.
You feel very mighty all of a sudden. The jackal completely misses you.
Edmund hits you with a flail of protection!
You die...

#######.##......### #.#######
............###...# #.......#
####..............#############.#
#..#.#####.#....g..gg........#
#..#.# #.##.#.############.#
####..#.# #.##.#.# #.# ......#.#
#.##g#h# #.# ....<...#####.##.#@#
#.# #..........##.##@#.# #.#
#.##.#####.##.##h@.# #.g #.##.#
#.##.####### ####.# #.##.#
#.##......<# #..... #.##.#
#.########.# #..... #.##.### #.#
#.# #..... #.##...# #.# #.#
#..... #.####.# #.# #.# #.....
#.####.# #.# #.# ###.##


You could see Edmund, a gnoll and a jackal.

Vanquished Creatures
  A scorpion (D:4)
  2 worker ants (D:4)
  3 gnolls
  7 adders
  4 river rats (D:3)
  An ooze (D:2)
  2 worms
  A giant gecko (D:2)
  8 orcs
  10 bats
  A giant cockroach (D:1)
  4 hobgoblins
  10 kobolds
  3 quokkas (D:2)
  3 ball pythons
  A giant gecko skeleton (D:4)
  6 giant newts
  11 goblins
  8 jackals (D:3)
  7 rats
93 creatures vanquished.

Vanquished Creatures (others)
  An iguana (D:4)
  A gnoll (D:4)
2 creatures vanquished.

Grand Total: 95 creatures vanquished

Notes
Turn   | Place    | Note
--------------------------------------------------------------
     0 | D:1      | namelastname112, the Draconian Hunter, began the quest for the Orb.
     0 | D:1      | Reached XP level 1. HP: 17/17 MP: 1/1
   164 | D:1      | Reached XP level 2. HP: 18/25 MP: 2/2
   324 | D:1      | Reached skill level 4 in Crossbows
   673 | D:2      | Found a radiant altar of Vehumet.
   860 | D:2      | Reached XP level 3. HP: 30/30 MP: 3/3
  1452 | D:3      | Reached XP level 4. HP: 23/37 MP: 4/4
  2426 | D:3      | Reached XP level 5. HP: 26/45 MP: 5/5
  2603 | D:3      | Reached skill level 5 in Crossbows
  3132 | D:4      | Found a staircase to the Ecumenical Temple.
  3351 | D:4      | Noticed Eustachio
  3597 | D:4      | Banished Eustachio
  3597 | D:4      | Reached XP level 6. HP: 31/52 MP: 6/6
  3836 | D:4      | Noticed Edmund
  4042 | D:4      | Noticed a phantom
  4131 | D:4      | Slain by Edmund

Action                   |  1- 3 |  4- 6 || total
-------------------------+-------+-------++-------
Melee: Short sword       |   148 |   232 ||   380
 Fire: Hand crossbow     |     9 |    42 ||    51
  Use: Potion            |       |     3 ||     3
 Stab: Sleeping          |     1 |     1 ||     2
  Eat: Chunk             |     1 |     9 ||    10
